 Dungeon Sprint DCSS version 0.18-a0-1574-g3f9d221 (webtiles) character file.

89 Oddball22 the Caller (level 4, -1/40 HPs)
             Began as an Octopode Summoner on Mar 16, 2016.
             Slain by a sky beast (3 damage)
             ... in the Dungeon (Sprint IX: "|||||||||||||||||||||||||||||").
             The game lasted 00:01:04 (231 turns).

Oddball22 the Caller (Octopode Summoner)             Turns: 231, Time: 00:01:04

Health: -1/40      AC:  1    Str: 12    XL:     4   Next: 55%
Magic:  1/11       EV: 13    Int: 18    God:
Gold:   0          SH:  0    Dex: 12    Spells: 1 memorised, 12 levels left

rFire  . . .     SeeInvis .     (no weapon)
rCold  . . .     Gourm    .     (no shield)
rNeg   . . .     Faith    .     (helmet restricted)
rPois  .         Spirit   .     (no amulet)
rElec  .         Dismiss  .     (no ring)
rCorr  .         Reflect  .     (no ring)
SustAt .         Harm     .     (no ring)
MR     .....     NoTele   +     (no ring)
Stlth  ..........               (no ring)
                                (no ring)
                                (no ring)
                                (no ring)

@: berserking (expiring), very slightly contaminated, hasted, very quick, not
resistant to hostile enchantments, extremely unstealthy
A: almost no armour, amphibious, 8 rings, constrict 8, camouflage 1, gelatinous
body 1
a: no special abilities


You were in the Dungeon.
You were not hungry.

You visited 1 branch

Inventory:

Scrolls
 h - a scroll of blinking
Potions
 c - a potion of curing
 d - a potion of heal wounds
 f - 2 potions of magic
Books
 a - a book of Callings

   Spells                             Type                      Level
   a - Summon Small Mammal            Summoning                    1
   b - Call Imp                       Summoning                    2
   c - Call Canine Familiar           Summoning                    3
   d - Summon Guardian Golem          Hexes/Summoning              3
   e - Summon Lightning Spire         Summoning/Air                4
   f - Summon Ice Beast               Ice/Summoning                4
Comestibles
 b - a bread ration
 i - 3 chunks of flesh


   Skills:
 + Level 3.0 Dodging
 - Level 2.6 Stealth
 + Level 0.6 Unarmed Combat
 * Level 5.0 Spellcasting
 + Level 7.5 Summonings


You had 12 spell levels left.
You knew the following spells:

 Your Spells              Type           Power        Failure   Level  Hunger
a - Summon Small Mammal   Summ           ####         1%          1    None


Dungeon Overview and Level Annotations

Branches:
Dungeon (1/1)

Altars:


Innate Abilities, Weirdness & Mutations

You cannot wear most types of armour.
You are amphibious.
You can wear up to eight rings at the same time.
You can use your tentacles to constrict eight enemies at once.
Your skin changes colour to match your surroundings (Stealth).
Your rubbery body absorbs attacks (AC +1).


Message History

* * * LOW HITPOINT WARNING * * *
You closely miss the centaur.
The centaur is lightly wounded.
The centaur hits you.
* * * LOW HITPOINT WARNING * * *
You bludgeon the centaur! You squeeze the centaur!
You kill the centaur!
Your Dodging skill increases to level 3!
Your Spellcasting skill gained 3 levels and is now at level 5!
Your Summonings skill gained 3 levels and is now at level 7!
You have reached level 2!
You have reached level 3!
Your experience leads to an increase in your attributes!
Your base attributes are Str 7, Int 17, Dex 12.
Increase (S)trength, (I)ntelligence, or (D)exterity?
You feel clever.
You have reached level 4!
You tentacle-slap something. Something barely misses you.
You miss something. Something hits you.
You die...

▓+▓
▓.▓
▓.▓
▓S▓
▓Z▓
▓l▓
▓)▓
▓@▓
▓r▓
▓.▓
▓.▓
▓.▓
▓(▓
▓(▓
▓.▓
▓.▓


You could see an iguana, an adder, a bat skeleton and a friendly quokka.

Vanquished Creatures
  A centaur (D)
  A giant cockroach (D)
2 creatures vanquished.

Vanquished Creatures (collateral kills)
  A giant cockroach (D)
  A kobold (D)
  A bat (D)
  A rat (D)
4 creatures vanquished.

Grand Total: 6 creatures vanquished

Notes
Turn   | Place    | Note
--------------------------------------------------------------
     0 | D        | Oddball22 the Octopode Summoner began the quest for the Orb.
     0 | D        | Reached XP level 1. HP: 11/11 MP: 3/3
   219 | D        | Noticed an iguana
   219 | D        | Noticed a sky beast
   219 | D        | Noticed a centaur
   229 | D        | Killed a centaur
   229 | D        | Reached skill level 5 in Spellcasting
   229 | D        | Reached skill level 7 in Summonings
   229 | D        | Reached XP level 2. HP: 1/17 MP: 1/8
   229 | D        | Reached XP level 3. HP: 1/21 MP: 1/9
   229 | D        | Reached XP level 4. HP: 1/27 MP: 1/11
   231 | D        | Slain by a sky beast

Vault maps used:
D:        linesprint

Skill      XL: |  1 |
---------------+----+-----
Dodging        | 3 |  3.0
Spellcasting   | 5 |  5.0
Summonings     | 7 |  7.5
Stealth        | |  2.6
Unarmed Combat | |  0.6

Action                   |  1- 3 |  4- 6 || total
-------------------------+-------+-------++-------
Melee: Unarmed           |     9 |     2 ||    11
 Cast: Summon Small Mamm |    11 |       ||    11
  Use: Potion            |     2 |       ||     2
